 Dungeon Crawl Stone Soup version 0.31-a0-1082-g7d1fb776a8 (webtiles) character file.

Game seed: 292735192929364361

779 Flugslaktarn the Changeling (level 7, -7/48 HPs)
             Began as an Octopode Shapeshifter on Nov 28, 2023.
             Mangled by a gnoll
             ... wielding a +1 flail of protection
             ... led by a gnoll sergeant
              (11 damage)
             ... on level 4 of the Dungeon.
             The game lasted 00:02:31 (3302 turns).

Flugslaktarn the Changeling (Octopode Shapeshifter) Turns: 3302, Time: 00:02:31

Health: -7/48      AC:  1    Str: 14      XL:     7   Next: 85%
Magic:  16/16      EV: 13    Int: 12      God:
Gold:   218        SH:  0    Dex: 11 (13) Spells: 6/6 levels left

rFire   . .          .
                       - Unarmed
rCold   . . .        (no shield)
rNeg    . . .        (helmet currently unavailable)
rPois   .            e - amulet of regeneration
rElec   .            k - ring of resist corrosion
rCorr   +            s - ring of magical power
SInv    .            (no ring)
Will    .....        (no ring)
Stlth   ++           (no ring)
HPRegen 1.08/turn    (no ring)
MPRegen 0.15/turn    (no ring)
                     (no ring)

%: no passive effects
@: beast-form
A: beast (slay +3), almost no armour, amphibious, 8 rings, camouflage 1,
gelatinous body 1, (nimble swimmer 1), tentacles
a: Begin Untransformation


You were on level 4 of the Dungeon.
You were a hulking beast.
You visited 1 branch of the dungeon, and saw 5 of its levels.
You also visited: Sewer.

You collected 218 gold pieces.

Inventory:

Missiles
 p - 2 throwing nets
 u - a curare-tipped dart
Jewellery
 e - an amulet of regeneration (around mantle)
   (You found it on level 1 of the Dungeon)
 k - a ring of resist corrosion (left tentacle)
   (You found it on level 3 of the Dungeon)
 s - a ring of magical power (right tentacle)
   (You found it on level 3 of the Dungeon)
Talismans
 b - a beast talisman
 c - a flux talisman
 i - a serpent talisman
   (You found it on level 1 of the Dungeon)
Wands
 l - a wand of roots (16)
   (You found it on level 2 of the Dungeon)
Scrolls
 h - a scroll of teleportation {unknown}
 n - a scroll of fear {unknown}
 r - a scroll of identify
 t - 2 scrolls of enchant armour
 z - a scroll of blinking
Potions
 a - a potion of lignification
 d - a potion of invisibility {unknown}
 f - a potion of attraction {unknown}
 g - a potion of degeneration {unknown}
 j - a potion of haste {unknown}
 m - a potion of curing {unknown}
 o - 3 potions of heal wounds {unknown}
 q - a potion of mutation {unknown}


   Skills:
 + Level 4.1 Fighting
 - Level 2.0 Dodging
 + Level 5.1 Unarmed Combat
 * Level 6.2 Shapeshifting


You had 6 spell levels left.
You didn't know any spells.
Your spell library was empty.

Dungeon Overview and Level Annotations

Branches:
Dungeon (5/15)              Sewer (visited)
 Temple: D:4-7

Altars:
Nemelex Xobeh

Shops:
D:4 :


Innate Abilities, Weirdness & Mutations

You are a hulking beast.
Your limbs bulge with bestial killing power. (Slay +3)
You cannot wear most types of armour.
You are amphibious.
You can wear up to eight rings at the same time.
Your skin changes colour to match your surroundings (Stealth+).
Your rubbery body absorbs attacks. (AC +1, EV +1)
((You are camouflaged when in or above water. (Stealth+)))
You have tentacles for arms and can constrict up to eight enemies at once.


Message History

You feel sick.
You feel sick.
You feel sick.
You feel sick.
You feel sick.
You feel sick.
You are no longer poisoned.
HP restored.
A gnoll comes into view. It is wielding a +0 flail.
Found a grey potion.
You see here a scroll labelled NACROLU KUEPA.
The gnoll shouts!
A gnoll comes into view. It is wielding a +0 spear.
A gnoll sergeant comes into view. It is wielding a +1 heavy spear.
There are monsters nearby!
A gnoll comes into view. It is wielding a +0 spear.
There are monsters nearby!
There are monsters nearby! 2 gnolls come into view.
A gnoll is wielding a +1 flail of protection.
The gnoll shouts! x2
A quokka comes into view.
There is a stone staircase leading up here.
You climb upwards.
There is a stone staircase leading down here.
There is an escape hatch in the floor here.
There is a stone staircase leading up here.
There is a stone staircase leading down here.
You climb downwards.
The iguana hisses angrily.
The quokka bites you.
Found a club, a scroll labelled LYOCIS XOGHIHEL and a spear.
There is a stone staircase leading up here.
You tentacle-slap the quokka but do no damage.
You grab the quokka. You constrict the quokka. The quokka barely misses you.
You tentacle-slap the quokka.
You kill the quokka!
The sleepcap closely misses you.
You climb upwards.
There is a stone staircase leading down here.
You tentacle-slap the sleepcap. You grab the sleepcap.
The sleepcap is lightly damaged.
You constrict the sleepcap. The sleepcap misses you.
You tentacle-slap the sleepcap.
The sleepcap is moderately damaged.
You constrict the sleepcap. The sleepcap releases spores at you.
You are engulfed in a cloud of soporific spores!
You fall asleep.
You lose your grip on the sleepcap.
The sleepcap releases spores at you!
You wake up.
You tentacle-slap the sleepcap. You grab the sleepcap.
You squeeze the sleepcap.
The sleepcap is severely damaged.
You constrict the sleepcap. The sleepcap misses you.
You tentacle-slap the sleepcap. You squeeze the sleepcap.
You destroy the sleepcap!
No target in view!
You start resting.
HP restored.
There is a stone staircase leading down, spattered with blood here.
You climb downwards.
The iguana bites you. x2
There is a stone staircase leading up here.
You tentacle-slap the iguana. Your grab misses the iguana.
Your squeeze misses the iguana.
The iguana is moderately wounded.
The iguana barely misses you.
You closely miss the iguana. You grab the iguana.
You squeeze the iguana, but do no damage.
The iguana is moderately wounded.
You constrict the iguana. You barely miss the iguana.
The iguana is moderately wounded.
You constrict the iguana, but do no damage.
The iguana misses you.
You tentacle-slap the iguana. You squeeze the iguana.
The iguana is severely wounded.
You constrict the iguana. The iguana barely misses you.
The gnoll hits you from afar with a +0 halberd!
You release your grip on the iguana.
The iguana bites you! The gnoll hits you with a +0 halberd.
You tentacle-slap the iguana but do no damage.
You grab the iguana. You squeeze the iguana.
The iguana is severely wounded.
You constrict the iguana.
The gnoll hits you with a +1 flail of protection!
The iguana closely misses you. The gnoll closely misses you.
You are too injured to fight recklessly!
You release your grip on the iguana.
The iguana bites you.
The gnoll hits you from afar with a +0 halberd!
* * * LOW HITPOINT WARNING * * *
There is a stone staircase leading up, spattered with blood here.
The gnoll hits you with a +1 flail of protection.
* * * LOW HITPOINT WARNING * * *
The iguana closely misses you. The gnoll barely misses you.
You climb upwards.
There is a stone staircase leading down, spattered with blood here.
You tentacle-slap the iguana.
You kill the iguana!
The gnoll hits you with a +1 flail of protection!
You die...

.........# #...........#
......##.# #...(.......#
.#######.############...........#
.#.#.#.#.#.#....................#
#.#.#.#.#.#.########............#
.#.#.#.#.#.## #............#
#.#.#.#.#.#.# #............#
.#.#.#.#.#.####### #............#
#.#.#.#.#.#....gh# #............#
.#.#+#.#.#.#####.#######†########
#.....#.#.#.<............#
.#....+#.#.#####.#########
#.....#.#.#.# #.# .#.#.#.#.#.##
#.# #.#.#.#.#.#.####.#
.#.#.#.#.#.#.....#
#.#.#.#.#.#.###..#


You could see a gnoll.

Vanquished Creatures
  Eustachio (D:4)
  A black bear (D:4)
  A kobold brigand (Sewer)
  A scorpion (D:4)
  2 hounds (D:4)
  2 orc priests
  An iguana (D:4)
  A sleepcap (D:4)
  Natasha (D:4)
  8 gnolls (D:4)
  5 adders
  2 river rats (Sewer)
  2 worms
  2 dart slugs
  9 orcs
  3 bats
  7 endoplasms
  3 giant cockroaches
  7 goblins
  2 hobgoblins (D:3)
  7 jackals
  4 quokkas
  10 ball pythons
  5 frilled lizards
  8 kobolds
  14 rats
109 creatures vanquished.

Notes
Turn   | Place    | Note
-------+----------+-------------------------------------------
     0 | D:1      | Flugslaktarn the Octopode Shapeshifter began the quest for
                  | the Orb.
     0 | D:1      | Reached XP level 1. HP: 13/13 MP: 1/1
   390 | D:1      | Reached XP level 2. HP: 18/18 MP: 2/2
   762 | D:2      | Reached XP level 3. HP: 23/23 MP: 3/3
  1166 | D:2      | Found a sparkling altar of Nemelex Xobeh.
  1435 | D:3      | Found a faded altar of an unknown god.
  1441 | D:3      | Reached XP level 4. HP: 29/29 MP: 4/4
  1536 | D:3      | Reached skill level 4 in Shapeshifting
  1552 | D:3      | Found a glowing drain.
  1577 | Sewer    | Entered a sewer
  1737 | Sewer    | Reached XP level 5. HP: 33/35 MP: 5/5
  1873 | Sewer    | Noticed a kobold brigand
  1882 | Sewer    | Killed a kobold brigand
  2122 | D:3      | Reached XP level 6. HP: 39/41 MP: 6/6
  2453 | D:4      | Reached skill level 5 in Shapeshifting
  2522 | D:4      | Noticed a black bear
  2535 | D:4      | Killed a black bear
  2620 | D:4      | Found Sarph's Vocational Training.
  2643 | D:4      | Noticed Eustachio
  2734 | D:4      | Reached XP level 7. HP: 46/46 MP: 7/7
  2736 | D:4      | Noticed Natasha
  2744 | D:4      | Killed Natasha
  3080 | D:4      | Killed Eustachio
  3081 | D:4      | Reached skill level 5 in Unarmed Combat
  3081 | D:4      | Reached skill level 6 in Shapeshifting
  3181 | D:5      | Entered Level 5 of the Dungeon
  3300 | D:5      | HP: 1/48 [gnoll/+1 flail of protection[a gnoll sergeant]
                  | (4)]
  3302 | D:4      | Mangled by a gnoll

Illustrated notes

Levels and vault maps discovered:
D:1:      dpeg_arrival_court, layout_loops_ring
D:2:      layout_loops_cross, basic_altar, minmay_tree_intersection,
          st_stairs_8, chequers_arboretum, nicolae_eternal_life
D:3:      layout_basic, cheibrodos_sewer_entry_drain,
          shapermc_ecumenical_altar_acropolis, minmay_cut_off
D:4:      layout_basic, nicolae_shop_vocational, uniq_eustachio, uniq_natasha
D:5:      layout_cave_pools, uniq_menkaure

Skill      XL: |  1  2  3  4  5  6  7 |
---------------+----------------------+-----
Fighting       | 2 3 4 |  4.1
Shapeshifting  | 4 5 6 |  6.2
Unarmed Combat | 4 5 |  5.1
Dodging        | |  2.0

Action                     |  1- 3 |  4- 6 |  7- 9 || total
---------------------------+-------+-------+-------++-------
  Melee: Unarmed           |    68 |   105 |    66 ||   239
         Constrict         |    20 |    26 |    19 ||    65
         Tentacles         |    15 |    17 |    14 ||    46
         Punch             |     3 |     2 |     6 ||    11
    Use: Scroll            |       |     5 |       ||     5
   Stab: Sleeping          |     5 |     6 |     2 ||    13
 Armour: Skin              |    27 |    49 |    52 ||   128
  Dodge: Dodged            |    51 |    56 |    44 ||   151

Table legend: (Time is in decaauts)
 A = Elapsed time spent in this place.
 B = Non-inter-level travel time spent in this place.
 C = Inter-level travel time spent in this place.
 D = Time resting spent in this place.
 E = Time spent auto-exploring this place.
 F = Levels seen in this place.
 G = Mean time per level.
                   A        B        C        D        E       F      G
               +--------+--------+--------+--------+--------+-----+--------+
         Total |   3284 |   3068 |    216 |     64 |   2285 |   6 |  547.3 |
       Dungeon |   2862 |   2646 |    216 |     64 |   1942 |   5 |  572.4 |
         Sewer |    422 |    422 |      0 |      0 |    343 |   1 |  422.0 |
               +--------+--------+--------+--------+--------+-----+--------+

Top non-repeatable levels by time:
     D:4: 799 daAuts
     D:2: 720 daAuts
     D:3: 688 daAuts
     D:1: 595 daAuts
   Sewer: 422 daAuts
     D:5: 58 daAuts
